 Dungeon Crawl Stone Soup version 0.29.0-11-gd7f09526c8 (webtiles) character file.

Game seed: 2181985062124512119

2 Spectrina the Ducker (level 1, -3/13 HPs)
             Began as a Deep Elf Monk on Sept 3, 2022.
             Was a Believer of Qazlal.
             Slain by an adder (4 damage)
             ... on level 2 of the Dungeon.
             The game lasted 00:01:26 (151 turns).

Spectrina the Ducker (Deep Elf Monk)                 Turns: 151, Time: 00:01:27

Health: -3/13      AC:  2    Str:  8    XL:     1   Next: 25%
Magic:  3/3        EV: 13    Int: 14    God:    Qazlal [**....]
Gold:   0          SH:  3    Dex: 17    Spells: 0/0 levels left

rFire   . . .      SeeInvis .   a - +0 short sword
rCold   . . .      Faith    .   (no shield)
rNeg    . . .      Spirit   .   b - +0 robe
rPois   .          Reflect  .   (no helmet)
rElec   .          Harm     .   (no cloak)
rCorr   .          Rampage  .   (no gloves)
Will    .....                   (no boots)
Stlth   ++........              (no amulet)
HPRegen 0.04/turn               (no ring)
MPRegen 0.08/turn               (no ring)

@: no status effects
A: no striking features
a: Renounce Religion, Upheaval


You were on level 2 of the Dungeon.
You worshipped Qazlal.
Qazlal was pleased with you.
You visited 1 branch of the dungeon, and saw 2 of its levels.

Inventory:

Hand Weapons
 a - a +0 short sword (weapon)
Armour
 b - a +0 robe (worn)


   Skills:
 - Level 2.4 Fighting
 - Level 3.0 Short Blades
 - Level 3.6 Dodging
 + Level 2.7 Stealth


You couldn't memorise any spells.
You didn't know any spells.
Your spell library contained the following spells:

 Spells                   Type           Power      Damage    Failure   Level
 Summon Forest            Summ/Tloc      0%         N/A       100%        5
 Eringya's Noxious Bog    Tmut/Pois      0%         N/A       100%        6
 Summon Hydra             Summ           0%         N/A       100%        7


Dungeon Overview and Level Annotations

Branches:
Dungeon (2/15)

Altars:
Qazlal


Message History

It is a scroll of identify.
You don't have any unidentified items.
You are confused.
You feel invigorated. The adder bites you.
You are lethally poisoned!
The adder poisons you!
Unknown command.
You bump into the rock wall.
You feel sick. The adder completely misses you.
You bump into the rock wall.
You feel sick. The adder bites you.
You are lethally poisoned!
The adder poisons you!
You feel sick. The adder bites you but does no damage.
You bump into the rock wall.
You feel sick. The worm barely misses you.
The adder bites you but does no damage.
You miss the adder.
You feel sick. The adder bites you. The worm completely misses you.
You bump into the rock wall.
You feel less invigorated.
You feel less confused.
You feel sick. The adder closely misses you.
You hit the adder.
The adder is moderately wounded.
You feel sick. The adder barely misses you. The worm barely misses you.
The adder barely misses you.
You miss the adder.
The adder is moderately wounded.
You feel sick. The adder bites you but does no damage.
You hit the adder but do no damage.
The adder is moderately wounded.
You feel sick. The adder bites you but does no damage.
The worm barely misses you.
You miss the adder.
The adder is moderately wounded.
You feel sick.
You are no longer poisoned.
The adder bites you. The worm bites you.
* * * LOW HITPOINT WARNING * * *
You completely miss the adder.
The adder is moderately wounded.
The adder bites you.
You die...

#.#.#########
#.#..#...#.#.
#.#..#.#.#.#.
#....P.......
###..#.#.#P#. #..#.P.#_#.
#..#.#.#.#.
#..#.###########.......PP.
+.......S@w.......#.#.#.#.
#...##########.#..#...#P#.
. #.#.#########
#............
##.......#### #########


You could see a worm and an adder.

Vanquished Creatures
  An endoplasm (D:1)
  A bat (D:1)
2 creatures vanquished.

Vanquished Creatures (others)
  A fungus (D:2)
  A plant (D:2)
2 creatures vanquished.

Grand Total: 4 creatures vanquished

Notes
Turn   | Place    | Note
-------+----------+-------------------------------------------
     0 | D:1      | Spectrina the Deep Elf Monk began the quest for the Orb.
     0 | D:1      | Reached XP level 1. HP: 13/13 MP: 3/3
    97 | D:2      | Found a faded altar of an unknown god.
   105 | D:2      | Prayed at the altar of an unknown god.
   105 | D:2      | Became a worshipper of Qazlal Stormbringer
   105 | D:2      | Reached * piety under Qazlal
   105 | D:2      | Reached ** piety under Qazlal
   151 | D:2      | Slain by an adder

Illustrated notes

Levels and vault maps discovered:
D:1:      dpeg_arrival_arbitrary_b, layout_rooms, serial_shops,
          nicolae_shop_waterfront, minivault_19
D:2:      layout_loops_ring, basic_altar,
          shapermc_ecumenical_altar_mp_urbaneastern, dreamdust_wishing_well,
          minmay_rat_gold_closets

Action                   || total
-------------------------++-------
Melee: Short sword       ||    18
  Use: Scroll            ||     1
       Potion            ||     1
 Stab: Sleeping          ||     2
Armor: Robe              ||     4
Dodge: Dodged            ||     8
